 Dungeon Crawl Stone Soup version 0.22.0-38-g04b72b8 (webtiles) character file.

198 Lew the Ducker (level 5, 0/47 HPs)
             Began as a Gnoll Monk on Aug 28, 2018.
             Slain by an orc priest
             ... wielding a +0 trident
              (7 damage)
             ... on level 3 of the Dungeon.
             The game lasted 00:03:48 (2007 turns).

Lew the Ducker (Gnoll Monk)                         Turns: 2007, Time: 00:03:49

Health: 0/47       AC: 11    Str: 14    XL:     5   Next: 77%
Magic:  7/7        EV: 15    Int: 12    God:
Gold:   260        SH:  0    Dex: 18    Spells: 7/7 levels left

rFire    . . .     SeeInvis .   a - +0 hand axe
rCold    . . .     Gourm    .   (no shield)
rNeg     . . .     Faith    .   e - +0 ring mail
rPois    .         Spirit   .   (no helmet)
rElec    .         Reflect  .   (no cloak)
rCorr    .         Harm     .   (no gloves)
MR       .....                  (no boots)
Stlth    ++........             (no amulet)
HPRegen  0.15/turn              h - +6 ring of protection
MPRegen  0.10/turn              (no ring)

@: no status effects
A: distributed training, fangs 1, strong nose
a: no special abilities


You were on level 3 of the Dungeon.
You were hungry.

You visited 1 branch of the dungeon, and saw 3 of its levels.

You collected 260 gold pieces.

Inventory:

Hand Weapons
 a - a +0 hand axe (weapon)
Armour
 e - a +0 ring mail (worn)
 k - a cursed +0 scale mail
Jewellery
 h - a +6 ring of protection (left hand)
Scrolls
 d - 2 scrolls of amnesia
Comestibles
 c - 3 rations


   Skills:
 + Level 6.7 Fighting
 + Level 1.6 Short Blades
 + Level 1.6 Long Blades
 + Level 6.7 Axes
 + Level 1.6 Maces & Flails
 + Level 1.6 Polearms
 + Level 1.6 Staves
 + Level 1.6 Slings
 + Level 1.6 Bows
 + Level 1.6 Crossbows
 + Level 1.6 Throwing
 + Level 1.6 Armour
 + Level 6.7 Dodging
 + Level 4.4 Stealth
 + Level 1.6 Shields
 + Level 1.6 Unarmed Combat
 + Level 1.6 Spellcasting
 + Level 1.2 Conjurations
 + Level 1.2 Hexes
 + Level 1.2 Charms
 + Level 1.2 Summonings
 + Level 1.2 Necromancy
 + Level 1.2 Translocations
 + Level 1.2 Transmutations
 + Level 1.2 Fire Magic
 + Level 1.2 Ice Magic
 + Level 1.2 Air Magic
 + Level 1.2 Earth Magic
 + Level 1.2 Poison Magic
 + Level 1.8 Invocations
 + Level 1.6 Evocations


You had 7 spell levels left.
You didn't know any spells.
Your spell library contained the following spells:

 Spells                   Type           Power        Failure   Level  Hunger
 Animate Skeleton         Necr           N/A          34%         1    ##.....
 Apportation              Tloc           #.....       34%         1    ##.....
 Confusing Touch          Hex            #.....       34%         1    ##.....
 Summon Small Mammal      Summ           #...         34%         1    ##.....


Dungeon Overview and Level Annotations

Branches:
Dungeon (3/15)

Altars:


Innate Abilities, Weirdness & Mutations

Your experience applies equally to all skills.
You have very sharp teeth.
Your uncanny sense of smell can sniff out nearby items.


Message History

The orc priest hits you but does no damage.
The orc priest miscasts a cantrip.
The orc priest hits you but does no damage.
The orc priest casts a cantrip, but nothing happens.
You feel less wooden.
Your +0 ring mail unmelds from your body.
The orc priest hits you but does no damage.
You are too injured to fight recklessly!
Things that are here:
a falchion of freezing; a ring mail; an orc corpse A rat comes into view.
The orc barely misses you. The orc priest barely misses you.
You slash the orc priest! You bite the orc priest.
The orc priest is heavily wounded.
You slash the orc!
You kill the orc!
You barely miss the orc priest.
The orc priest is heavily wounded.
The orc priest hits you with a trident!
You die...

..# ...... ♣.# ......
..# ....!.# # ###
......... .. ........##
... ∆......††# .... #.##
#.####.....
#..####))#)......
#########.##...o@.......
.............###..r.....
#####...<...## ..##.####
#.......# .### #
#.......#.. ##..†##.#.
#...#......
#...###..###.#
#.####..## ..#


You could see an orc priest and a rat.

Vanquished Creatures
  2 orc wizards (D:3)
  A worker ant (D:2)
  3 adders
  An ooze (D:1)
  A dart slug (D:3)
  6 leopard geckos
  13 orcs (D:3)
  2 giant cockroaches
  7 goblins
  6 hobgoblins
  3 jackals (D:1)
  2 ball pythons
  4 bats
  6 frilled lizards
  6 kobolds
  4 rats
67 creatures vanquished.

Notes
Turn   | Place    | Note
-------+----------+-------------------------------------------
     0 | D:1      | Lew the Gnoll Monk began the quest for the Orb.
     0 | D:1      | Reached XP level 1. HP: 23/23 MP: 1/1
   121 | D:1      | Reached XP level 2. HP: 19/29 MP: 2/2
   706 | D:1      | Reached XP level 3. HP: 35/35 MP: 3/3
  1043 | D:2      | Reached skill level 1 in Short Blades
  1043 | D:2      | Reached skill level 1 in Long Blades
  1043 | D:2      | Reached skill level 1 in Maces & Flails
  1043 | D:2      | Reached skill level 1 in Polearms
  1043 | D:2      | Reached skill level 1 in Staves
  1043 | D:2      | Reached skill level 1 in Slings
  1043 | D:2      | Reached skill level 1 in Bows
  1043 | D:2      | Reached skill level 1 in Crossbows
  1043 | D:2      | Reached skill level 1 in Throwing
  1043 | D:2      | Reached skill level 1 in Armour
  1043 | D:2      | Reached skill level 1 in Shields
  1043 | D:2      | Reached skill level 1 in Unarmed Combat
  1043 | D:2      | Reached skill level 1 in Spellcasting
  1043 | D:2      | Reached skill level 1 in Invocations
  1043 | D:2      | Reached skill level 1 in Evocations
  1043 | D:2      | Reached XP level 4. HP: 23/41 MP: 3/5
  1655 | D:3      | Reached skill level 1 in Conjurations
  1655 | D:3      | Reached skill level 1 in Hexes
  1655 | D:3      | Reached skill level 1 in Charms
  1655 | D:3      | Reached skill level 1 in Summonings
  1655 | D:3      | Reached skill level 1 in Necromancy
  1655 | D:3      | Reached skill level 1 in Translocations
  1655 | D:3      | Reached skill level 1 in Transmutations
  1655 | D:3      | Reached skill level 1 in Fire Magic
  1655 | D:3      | Reached skill level 1 in Ice Magic
  1655 | D:3      | Reached skill level 1 in Air Magic
  1655 | D:3      | Reached skill level 1 in Earth Magic
  1655 | D:3      | Reached skill level 1 in Poison Magic
  1746 | D:3      | Reached XP level 5. HP: 36/47 MP: 5/7
  2007 | D:3      | Slain by an orc priest

Skill      XL: |  1  2  3  4 |
---------------+-------------+-----
Short Blades   | 1 |  1.6
Long Blades    | 1 |  1.6
Maces & Flails | 1 |  1.6
Polearms       | 1 |  1.6
Staves         | 1 |  1.6
Slings         | 1 |  1.6
Bows           | 1 |  1.6
Crossbows      | 1 |  1.6
Throwing       | 1 |  1.6
Armour         | 1 |  1.6
Shields        | 1 |  1.6
Unarmed Combat | 1 |  1.6
Spellcasting   | 1 |  1.6
Invocations    | 1 |  1.8
Evocations     | 1 |  1.6
Conjurations   | 1 |  1.2
Hexes          | 1 |  1.2
Charms         | 1 |  1.2
Summonings     | 1 |  1.2
Necromancy     | 1 |  1.2
Translocations | 1 |  1.2
Transmutations | 1 |  1.2
Fire Magic     | 1 |  1.2
Ice Magic      | 1 |  1.2
Air Magic      | 1 |  1.2
Earth Magic    | 1 |  1.2
Poison Magic   | 1 |  1.2
Fighting       | |  6.7
Axes           | |  6.7
Dodging        | |  6.7
Stealth        | |  4.4

Action                   |  1- 3 |  4- 6 || total
-------------------------+-------+-------++-------
Melee: Hand axe          |    82 |    89 ||   171
       Bite              |     8 |     9 ||    17
       Punch             |       |     1 ||     1
  Use: Scroll            |       |     8 ||     8
       Potion            |       |     2 ||     2
 Stab: Sleeping          |     5 |     4 ||     9
  Eat: Chunk             |       |     3 ||     3
Armor: Robe              |     5 |       ||     5
       Ring mail         |    12 |    20 ||    32
       Skin              |       |    22 ||    22
Dodge: Dodged            |    68 |    67 ||   135
